 Dungeon Crawl Stone Soup version 0.28.0-53-g5a82cb258f (webtiles) character file.

Game seed: 3688374010483158546

41 Descartes the Grasshopper (level 3, -3/16 HPs)
             Began as a Felid Warper on July 13, 2022.
             Killed from afar by Terence (6 damage)
             ... with a puff of flame
             ... on level 2 of the Dungeon.
             The game lasted 00:01:42 (2193 turns).

Descartes the Grasshopper (Felid Warper)            Turns: 2193, Time: 00:01:43

Health: -3/16      AC:  1    Str:  9    XL:     3   Next: 32%
Magic:  7/7        EV: 18    Int: 14    God:
Gold:   27         SH:  0    Dex: 15    Spells: 6/6 levels left
                                        Lives:  0   Deaths: 0

rFire   . . .      SeeInvis +     - Unarmed
rCold   + . .      Faith    .   (shield unavailable)
rNeg    . . .      Spirit   .   (armour unavailable)
rPois   .          Reflect  .   (helmet unavailable)
rElec   .          Harm     .   (cloak unavailable)
rCorr   .          Rampage  .   (gloves unavailable)
Will    .....                   (boots unavailable)
Stlth   ++........              (no amulet)
HPRegen 0.05/turn               h - ring of protection from cold
MPRegen 0.10/turn               (no ring)

@: quick
A: very small, claws 1, fangs 3, see invisible, speed 1, shaggy fur 1, stealthy
paws, no weapons or thrown items, no armour, multi-lived
a: no special abilities


You were on level 2 of the Dungeon.
You visited 1 branch of the dungeon, and saw 2 of its levels.

You collected 27 gold pieces.

Inventory:

Jewellery
 h - a ring of protection from cold (left paw)
Scrolls
 a - a scroll of blinking
 b - a scroll of fear {unknown}
 d - 2 scrolls of immolation {unknown}
 g - a scroll of vulnerability {unknown}
Potions
 c - a potion of degeneration {unknown}
 e - a potion of lignification {unknown}
 f - a potion of invisibility {unknown}


   Skills:
 - Level 2.2 Fighting
 - Level 3.4 Dodging
 + Level 2.9 Stealth
 - Level 2.2 Unarmed Combat
 - Level 2.1 Spellcasting
 - Level 4.6 Translocations


You had 6 spell levels left.
You didn't know any spells.
Your spell library contained the following spells:

 Spells                   Type           Power      Damage    Failure   Level
 Blink                    Tloc           28%        N/A       5%          2
 Gell's Gravitas          Tloc           14%        N/A       11%         3
 Lesser Beckoning         Tloc           14%        N/A       11%         3
 Teleport Other           Tloc           14%        N/A       11%         3
 Ignite Poison            Fire/Tmut/Pois 1%         N/A       56%         3
 Manifold Assault         Tloc           14%        N/A       67%         5
 Airstrike                Air            0%         N/A       93%         4
 Fireball                 Conj/Fire      0%         3d3       100%        5
 Freezing Cloud           Conj/Ice/Air   0%         6-21      100%        5


Dungeon Overview and Level Annotations

Branches:
Dungeon (2/15)

Altars:

Annotations:
D:2 Terence


Innate Abilities, Weirdness & Mutations

You have sharp claws.
You have razor-sharp teeth.
You have supernaturally acute eyesight. (SInv)
You cover ground quickly. (Speed+)
You are covered in fur. (AC +1)
Your paws help you pounce on unaware monsters.
You are incapable of wielding weapons or throwing items.
You cannot wear armour.
You gain extra lives every three experience levels.


Message History

No target in view!
No target in view!
HP restored.
You see here a bat corpse.
Terence the Incautious comes into view.
He is wielding a +0 short sword and carrying a wand of flame (26).
The helpless Terence fails to defend himself.
You claw Terence!
Terence is heavily wounded.
Terence hits you with a +0 short sword.
You scratch Terence. You claw Terence.
Terence is severely wounded.
Terence hits you with a +0 short sword.
You are too injured to fight recklessly!
You are too injured to fight recklessly!
You are too injured to fight recklessly!
You are too injured to fight recklessly!
You are too injured to fight recklessly!
You are too injured to fight recklessly!
You are too injured to fight recklessly!
You are too injured to fight recklessly!
You are too injured to fight recklessly!
You are too injured to fight recklessly!
You are too injured to fight recklessly!
You are too injured to fight recklessly!
You are too injured to fight recklessly!
You are too injured to fight recklessly!
You are too injured to fight recklessly!
You are too injured to fight recklessly!
You are too injured to fight recklessly!
You scratch Terence but do no damage.
Terence is severely wounded.
Terence hits you with a +0 short sword.
* * * LOW HITPOINT WARNING * * *
You barely miss Terence.
Terence is severely wounded.
Terence barely misses you.
You scratch Terence but do no damage.
Terence is severely wounded.
Terence zaps a wand.
The puff of flame hits you.
You die...

.. .#############
.#...........#
.#.####.####.# .#....#.#
.####.#.# ....†.#.#
#######.#############..#
................@@.....#
.......................#
########################


You could see Terence.

Vanquished Creatures
  3 dart slugs (D:1)
  6 bats
  An endoplasm (D:1)
  A giant cockroach (D:1)
  6 goblins (D:1)
  3 hobgoblins (D:1)
  A quokka (D:1)
  5 ball pythons (D:1)
  4 frilled lizards (D:1)
  2 kobolds (D:1)
32 creatures vanquished.

Notes
Turn   | Place    | Note
-------+----------+-------------------------------------------
     0 | D:1      | Descartes the Felid Warper began the quest for the Orb.
     0 | D:1      | Reached XP level 1. HP: 9/9 MP: 4/4
   126 | D:1      | Got the Disquisition on Feathers and the Volcanoes
   220 | D:1      | Found a faded altar of an unknown god.
   244 | D:1      | Reached XP level 2. HP: 4/13 MP: 6/6
  1042 | D:1      | Reached skill level 1 in Stealth
  1587 | D:1      | Reached XP level 3. HP: 16/16 MP: 7/7
  2182 | D:2      | Noticed Terence
  2193 | D:2      | Killed from afar by Terence

Illustrated notes

Levels and vault maps discovered:
D:1:      lemuel_arrival_rhombus, layout_basic, ebering_ecumenical_altar_rust,
          fountainhead, serial_bayou_pond_d, interstate_on_off,
          chequers_serial_rivers_room_b
D:2:      layout_loops_ring, roderic_lattice_a, minmay_misc_feat_plants,
          uniq_terence, uniq_jessica

Skill      XL: |  1  2 |
---------------+-------+-----
Stealth        | 2 |  2.9
Fighting       | |  2.2
Dodging        | |  3.4
Unarmed Combat | |  2.2
Spellcasting   | |  2.1
Translocations | |  4.6

Action                   || total
-------------------------++-------
Melee: Unarmed           ||    88
       Bite              ||     8
       Punch             ||     1
 Stab: Sleeping          ||     7
Armor: Skin              ||     7
Dodge: Dodged            ||    81
